 Dungeon Crawl Stone Soup version 0.20.1-1-g8b1a95d (webtiles) character file.

15 letownia2 the Grave Robber (level 2, 0/22 HPs)
             Began as a Deep Dwarf Necromancer on Nov 29, 2017.
             Slain by an orc wizard
             ... wielding a +0 dagger
              (1 damage)
             ... in the Ecumenical Temple.
             The game lasted 00:02:47 (877 turns).

letownia2 the Grave Robber (Deep Dwarf Necromancer)  Turns: 877, Time: 00:02:48

Health: 0/22       AC:  3    Str: 11    XL:     2   Next: 34%
Magic:  1/5        EV: 12    Int: 15    God:
Gold:   31         SH:  0    Dex: 13    Spells: 4/5 levels left

rFire    . . .     SeeInvis .   n - +0 short sword
rCold    . . .     Gourm    .   (no shield)
rNeg     . . .     Faith    .   f - +0 leather armour
rPois    .         Spirit   .   (no helmet)
rElec    .         Reflect  .   (no cloak)
rCorr    .         Harm     .   (no gloves)
MR       .....                  (no boots)
Stlth    ++........             (no amulet)
Regen    0.0/turn               (no ring)
MPRegen  0.1/turn               (no ring)

@: very slightly contaminated, non-regenerating
A: damage resistance, heal wounds, sense surroundings 1, no regeneration
a: Heal Wounds


You were in the Ecumenical Temple.
You were not hungry.

You visited 2 branches of the dungeon, and saw 5 of its levels.

You collected 31 gold pieces.

Inventory:

Hand Weapons
 n - a +0 short sword (weapon)
Armour
 a - a +0 robe
 f - a +0 leather armour (worn)
Scrolls
 d - 2 scrolls of magic mapping {unknown}
 g - a scroll of amnesia {unknown}
 i - a scroll of random uselessness {unknown}
 k - a scroll of identify {unknown}
 m - 3 scrolls of remove curse {unknown}
 o - a scroll of fog {unknown}
Potions
 e - a potion of haste {unknown}
 j - a potion of invisibility {unknown}
 l - a potion of curing {unknown}
Books
 b - a book of Necromancy

   Spells                             Type                      Level
   a - Pain                           Necromancy                   1
   b - Animate Skeleton               Necromancy                   1
   c - Vampiric Draining              Necromancy                   3
   d - Regeneration                   Charms/Necromancy            3
   e - Animate Dead                   Necromancy                   4
   f - Control Undead                 Necromancy                   4
Comestibles
 c - a bread ration
 h - a meat ration


   Skills:
 - Level 2.1 Dodging
 - Level 2.4 Stealth
 - Level 2.2 Spellcasting
 + Level 4.7 Necromancy


You had 4 spell levels left.
You knew the following spells:

 Your Spells              Type           Power        Failure   Level  Hunger
a - Pain                  Necr           ###.         4%          1    #......


Dungeon Overview and Level Annotations

Branches:
Dungeon (4/15)             Temple (1/1) D:4

Altars:
Ashenzari
Cheibriados
Gozag
Hepliaklqana
Kikubaaqudgha
Okawaru
Ru
Trog
Uskayaw
Vehumet
Xom
Yredelemnul


Innate Abilities, Weirdness & Mutations

You are resistant to damage.
You can heal yourself by infusing magical energy.
You passively map a small area around you.
You do not regenerate.


Message History

* * * LOW HITPOINT WARNING * * *
Unknown command.
Unknown command.
You completely miss the orc wizard.
The orc wizard is moderately wounded.
The orc wizard hits you but does no damage.
Unknown command.
You hit the orc wizard.
The orc wizard is heavily wounded.
The orc wizard hits you with a dagger.
* * * LOW HITPOINT WARNING * * *
Unknown command.
You hit the orc wizard but do no damage.
The orc wizard is heavily wounded.
The orc wizard barely misses you.
Unknown command.
You hit the orc wizard.
The orc wizard is severely wounded.
The orc wizard hits you with a dagger.
You die...

####### #.....#
#.....# #..@..#
#..o..##
#......##
**#####...#####
, ##......# ...
##.....# .._. *
#.._..# *#....,
#.....## *#....
#......##


You could see an orc wizard.

Vanquished Creatures
  A leopard gecko (D:2)
  An orc (D:4)
  2 bats (D:2)
  2 giant cockroaches (D:2)
  A goblin (D:2)
  2 hobgoblins (D:2)
  A kobold (D:2)
10 creatures vanquished.

Notes
Turn   | Place    | Note
-------+----------+-------------------------------------------
     0 | D:1      | letownia2 the Deep Dwarf Necromancer began the quest for the Orb.
     0 | D:1      | Reached XP level 1. HP: 15/15 MP: 3/3
   425 | D:2      | Reached XP level 2. HP: 22/22 MP: 1/5
   568 | D:4      | Found a staircase to the Ecumenical Temple.
   686 | Temple   | Entered the Ecumenical Temple
   875 | Temple   | HP: 1/22 [orc wizard/dagger (2)]
   877 | Temple   | Slain by an orc wizard

Skill      XL: |  1 |
---------------+----+-----
Spellcasting   | 2 |  2.2
Dodging        | |  2.1
Stealth        | |  2.4
Necromancy     | |  4.7

Action                   || total
-------------------------++-------
Melee: Short sword       ||     4
 Cast: Pain              ||    18
Armor: Leather armour    ||     2
Dodge: Dodged            ||     6
